 Dungeon Crawl Stone Soup version 0.20.1-1-g8b1a95d (webtiles) character file.

289 Gremour the Scratcher (level 6, -8/28 HPs)
             Began as a Felid Monk on Oct 13, 2017.
             Was a Believer of Sif Muna.
             Killed from afar by an orc wizard (11 damage)
             ... with a magic dart
             ... on level 4 of the Dungeon.
             The game lasted 00:20:44 (4186 turns).

Gremour the Scratcher (Felid Monk)                  Turns: 4186, Time: 00:20:45

Health: -8/28      AC:  2    Str:  9    XL:     6   Next: 9%
Magic:  7/7        EV: 19    Int: 15    God:    Sif Muna [**....]
Gold:   67         SH:  0    Dex: 18    Spells: 5/5 levels left
                                        Lives:  0   Deaths: 1

rFire    . . .     SeeInvis +     - Unarmed
rCold    . . .     Gourm    .   (shield unavailable)
rNeg     . . .     Faith    .   (armour unavailable)
rPois    .         Spirit   .   (helmet unavailable)
rElec    .         Reflect  .   (cloak unavailable)
rCorr    +         Harm     .   (gloves unavailable)
MR       .....                  (boots unavailable)
Stlth    ++++......             c - amulet of rage
Regen    0.1/turn               d - +3 ring of intelligence
MPRegen  0.1/turn               j - ring of resist corrosion

@: berserk cooldown, slowed, slow
A: no armour, no weapons or thrown items, stealth, claws 1, fangs 3, see
invisible, carnivore 3, speed 1, shaggy fur 2, slow metabolism 1, sharp paws
a: Divine Energy, Renounce Religion, Evoke Berserk Rage


You were on level 4 of the Dungeon.
You worshipped Sif Muna.
Sif Muna was pleased with you.
You were very full.

You visited 1 branch of the dungeon, and saw 5 of its levels.

You collected 221 gold pieces.
You spent 154 gold pieces at shops.

Inventory:

Jewellery
 c - an amulet of rage (around neck)
 d - a +3 ring of intelligence (left paw)
 j - a ring of resist corrosion (right paw)
Scrolls
 b - 5 scrolls of amnesia {unknown}
 e - 4 scrolls of remove curse
 g - 5 scrolls of teleportation
 i - 3 scrolls of fog
 k - 2 scrolls of identify
 l - a scroll of fear {unknown}
Potions
 f - a potion of heal wounds
 m - 2 potions of curing
Comestibles
 a - a meat ration
 h - 5 royal jellies


   Skills:
 - Level 3.0 Fighting
 - Level 4.0 Dodging
 - Level 5.1 Stealth
 + Level 6.3 Unarmed Combat
 * Level 0.7 Evocations


You had 5 spell levels left.
You didn't know any spells.

Dungeon Overview and Level Annotations

Branches:
Dungeon (5/15)
 Temple: D:4-7

Altars:
Fedhas
Gozag
Sif Muna

Shops:
D:4 ![*%?

Annotations:
D:4 2 transporters


Innate Abilities, Weirdness & Mutations

You cannot wear armour.
You are incapable of wielding weapons or throwing items.
Your paws allow you to move quietly. (Stealth)
You have sharp claws.
You have razor-sharp teeth.
You have supernaturally acute eyesight. (SInv)
You are carnivorous and can eat meat at any time.
You cover ground quickly.
You are covered in thick fur. (AC +2)
You have a slow metabolism.
Your sharp claws are effective at attacking unaware monsters.


Message History

You climb upwards.
Level annotation: 2 transporters
There is a stone staircase leading down here.
Unknown command.
The orc wizard casts a spell.
The orc wizard seems to speed up.
The orc misses you.
The orc wizard casts a spell.
The orc wizard flickers and vanishes for a moment.
You scratch the orc but do no damage. The orc barely misses you.
You scratch the orc.
The orc is heavily wounded.
The orc hits you with a mace!
* * * LOW HITPOINT WARNING * * *
You scratch the orc.
You kill the orc!
Sif Muna accepts your kill.
The orc wizard points at you and mumbles some strange words.
The magic dart hits you!
You die...

....................####....##...
..###############..#........#.8..
..#8P#≈≈≈≈≈≈≈#P8#...........#....
..#..#..≈P≈≈≈#..#..............._
.©#./+..≈⌠≈;≈+[©#...........#....
..#..#..≈≈≈≈;#..#...........#.8..
#.#8P#≈≈≈≈≈≈;#P8#..>........##...
#.###############o#.)........###.
#...............@.#.........[....
########........####.......######
#.........# ##......#
##.........# ####..##
#.........## #### #.......#.#
#### #.....##..####..###
#...####.###......#
#######..#.......##


You could see 3 electric eels and an orc wizard (invisible).

Vanquished Creatures
  3 orc priests
  2 orc wizards (D:4)
  A hound skeleton (D:4)
  5 gnolls
  5 adders
  An ooze (D:3)
  A worm (D:2)
  3 dart slugs
  A leopard gecko (D:4)
  9 orcs
  8 bats
  7 giant cockroaches
  2 goblins
  6 hobgoblins
  4 jackals (D:3)
  5 frilled lizards
  2 kobolds
  17 rats
82 creatures vanquished.

Notes
Turn   | Place    | Note
-------+----------+-------------------------------------------
     0 | D:1      | Gremour the Felid Monk began the quest for the Orb.
     0 | D:1      | Reached XP level 1. HP: 10/10 MP: 2/2
   141 | D:1      | Reached XP level 2. HP: 14/14 MP: 3/3
   470 | D:1      | Reached skill level 4 in Unarmed Combat
   592 | D:1      | Reached XP level 3. HP: 17/17 MP: 4/4
  1886 | D:3      | Reached skill level 5 in Unarmed Combat
  1886 | D:3      | Reached XP level 4. HP: 21/21 MP: 5/5
  1906 | D:3      | Slain by an orc priest
  1907 | D:3      | Reached XP level 3. HP: -3/17 MP: 4/4
  2136 | D:3      | Found a blossoming altar of Fedhas.
  2237 | D:3      | Reached XP level 4. HP: 6/21 MP: 5/5
  2657 | D:3      | Found a deep blue altar of Sif Muna.
  2663 | D:3      | Became a worshipper of Sif Muna the Loreminder
  2663 | D:3      | Reached * piety under Sif Muna
  2663 | D:3      | Reached ** piety under Sif Muna
  2784 | D:4      | Found Siaqikk's Assorted Antiques.
  2812 | D:4      | Found Ijeer's Food Shoppe.
  2827 | D:4      | Found a transporter.
  2861 | D:4      | Found a transporter.
  2966 | D:4      | Reached XP level 5. HP: 15/24 MP: 6/6
  3134 | D:4      | Found Yryiwotz's Armour Shop.
  3162 | D:4      | Reached skill level 6 in Unarmed Combat
  3341 | D:4      | Found Syhacada's Distillery.
  3345 | D:4      | Bought a potion of heal wounds for 70 gold pieces
  3345 | D:4      | Bought a potion of curing for 42 gold pieces
  3345 | D:4      | Bought a potion of curing for 42 gold pieces
  3543 | D:4      | Found Ithraphi's Magic Scroll Shop.
  3875 | D:4      | Found an opulent altar of Gozag.
  4152 | D:5      | Entered Level 5 of the Dungeon
  4163 | D:4      | Reached skill level 5 in Stealth
  4163 | D:4      | Gained mutation: You are covered in thick fur. (AC +2) [Felid growth]
  4163 | D:4      | Reached XP level 6. HP: 28/28 MP: 7/7
  4186 | D:4      | Killed from afar by an orc wizard

Skill      XL: |  1  2  3  4  5 |
---------------+----------------+-----
Unarmed Combat | 4 5 6 |  6.3
Stealth        | 3 4 5 |  5.1
Fighting       | |  3.0
Dodging        | |  4.0
Evocations     | |  0.7

Action                   |  1- 3 |  4- 6 || total
-------------------------+-------+-------++-------
Melee: Unarmed           |   123 |    73 ||   196
       Bite              |     6 |     4 ||    10
       Punch             |     1 |     1 ||     2
 Abil: Evoke Berserk Rag |       |     3 ||     3
  Use: Scroll            |     5 |       ||     5
       Potion            |     2 |       ||     2
 Stab: Sleeping          |    12 |     5 ||    17
  Eat: Chunk             |    12 |     6 ||    18
Armor: Skin              |     4 |     1 ||     5
Dodge: Dodged            |    97 |    50 ||   147
